 Dungeon Crawl Stone Soup version 0.23-a0-14-g8c9a20f (webtiles) character file.

692 tyvek the Slinger (level 7, -6/48 HPs)
             Began as a Halfling Hunter on Aug 3, 2018.
             Was an Initiate of Dithmenos.
             Mangled by an ice beast (12 damage)
             ... on level 6 of the Dungeon.
             The game lasted 00:04:04 (3274 turns).

tyvek the Slinger (Halfling Hunter)                 Turns: 3274, Time: 00:04:04

Health: -6/48      AC:  3    Str: 14    XL:     7   Next: 95%
Magic:  16/16      EV: 17    Int:  9    God:    Dithmenos [......]
Gold:   165        SH:  0    Dex: 16    Spells: 6/6 levels left

rFire    . . .     SeeInvis .   b - +0 short sword
rCold    . . .     Gourm    .   (shield restricted)
rNeg     . . .     Faith    .   c - +0 leather armour
rPois    .         Spirit   .   (no helmet)
rElec    .         Reflect  .   (no cloak)
rCorr    .         Harm     .   (no gloves)
MR       .....                  (no boots)
Stlth    +++.......             (no amulet)
HPRegen  0.16/turn              L - ring of flight
MPRegen  0.15/turn              W - ring of magical power

@: no status effects
A: small, mutation resistance 1
a: Renounce Religion, Evoke Flight


You were on level 6 of the Dungeon.
You worshipped Dithmenos.
Dithmenos was noncommittal.
You were not hungry.

You visited 2 branches of the dungeon, and saw 5 of its levels.

You collected 165 gold pieces.


Innate Abilities, Weirdness & Mutations

You are small and have problems with some larger weapons.
You are somewhat resistant to further mutation.


   Skills:
 + Level 4.0 Fighting
 + Level 8.2 Slings
 + Level 4.9 Dodging
 + Level 4.8 Stealth
 + Level 0.7 Invocations


You had 6 spell levels left.
You didn't know any spells.
Your spell library was empty.

Inventory:

Hand Weapons
 a - a +1 hunting sling
 b - a +0 short sword (weapon)
Missiles
 n - 103 stones (quivered)
Armour
 c - a +0 leather armour (worn)
 o - a +0 pair of gloves
 u - a +0 pair of boots
Jewellery
 r - an uncursed amulet of magic regeneration {unknown}
 L - a ring of flight (left hand)
 W - a ring of magical power (right hand)
Wands
 q - a wand of digging (12)
 t - a wand of acid (13)
 v - a wand of disintegration (15)
Scrolls
 h - 2 scrolls of immolation {unknown}
 k - a scroll of fear {unknown}
 l - 4 scrolls of identify {unknown}
 m - 2 scrolls of teleportation {unknown}
 p - 2 scrolls of blinking {unknown}
 w - a scroll of enchant weapon {unknown}
Potions
 d - a potion of haste {unknown}
 e - a potion of flight {unknown}
 g - a potion of mutation {unknown}
 j - a potion of resistance {unknown}
 s - 2 potions of heal wounds {unknown}
Comestibles
 f - 7 rations

Dungeon Overview and Level Annotations

Branches:
Dungeon (6/15)             Temple (1/1) D:6

Altars:
Ashenzari
Cheibriados
Dithmenos
Elyvilon
Gozag
Hepliaklqana
Okawaru
Qazlal
Sif Muna
Trog
Uskayaw
Yredelemnul
Zin
The Shining One
Jiyva

#....+....# #.....
#....#...#######....
#....#...##...######
#...##....'...##....
#...##....#.........
#.........#.........
#.........#.........
#...####+##...##....
#..@# ######....
#...Y.....#...##....
#####(....#....#....
.....#....#....
....#...##....
....#...###'##
..(#.........
.(.#...##....
######....


You could see an ice beast.


Message History

The ice beast hits you. The ice beast freezes you.
* * * LOW HITPOINT WARNING * * *
You are too injured to fight recklessly!
You are too injured to fight recklessly!
You are too injured to fight recklessly!
You are too injured to fight recklessly!
b - a +0 short sword (weapon)
The ice beast barely misses you.
You closely miss the ice beast. The ice beast barely misses you.
You hit the ice beast but do no damage. The ice beast completely misses you.
You hit the ice beast but do no damage. The ice beast misses you.
You hit the ice beast but do no damage. The ice beast completely misses you.
You hit the ice beast.
The ice beast is lightly wounded.
The ice beast misses you.
You hit the ice beast.
The ice beast is moderately wounded.
The ice beast hits you.
* * * LOW HITPOINT WARNING * * *
The ice beast freezes you!
* * * LOW HITPOINT WARNING * * *
You hit the ice beast.
The ice beast is moderately wounded.
The ice beast barely misses you.
You hit the ice beast.
The ice beast is heavily wounded.
The ice beast misses you. The ice beast hits you.
* * * LOW HITPOINT WARNING * * *
The ice beast freezes you!
You die...

Skill      XL: |  1  2  3  4  5  6  7 |
---------------+----------------------+-----
Slings         | 6 7 8 |  8.2
Fighting       | 2 3 4 |  4.0
Stealth        | 2 3 4 |  4.8
Dodging        | 3 4 |  4.9
Invocations    | |  0.7

Action                   |  1- 3 |  4- 6 |  7- 9 || total
-------------------------+-------+-------+-------++-------
Melee: Short sword       |    69 |    94 |     8 ||   171
 Fire: Hunting sling     |    38 |    87 |    73 ||   198
 Stab: Sleeping          |     5 |       |       ||     5
  Eat: Chunk             |     2 |     2 |       ||     4
       Ration            |       |       |     1 ||     1
Armor: Leather armour    |    16 |     7 |       ||    23
Dodge: Dodged            |    65 |    31 |    23 ||   119

Vault maps used:
D:1:      minmay_arrival_solitary_statue, hangedman_abyss_or_decor_lesser_grid,
          tso_metal_star
D:2:      serial_bayou, serial_bayou_shore_a, serial_bayou_shore_b,
          serial_bayou_shore_b, serial_bayou_crossing, serial_bayou_pond_d,
          uniq_jessica
D:4:      minmay_diamond_boxcup, kennysheep_mini_moat, lemuel_doored_altar,
          nicolae_overflow_hidden_temple, gup_ossuary_entry_pyramid,
          grunt_decor_resistance, uniq_duvessa
D:6:      yredelemnul_forgotten_temple_becter, evilmike_ruin_ashenzari,
          minmay_temple_entry_crystal_x, uniq_grinder
Temple:   pf_slime_end_temple

Notes
Turn   | Place    | Note
-------+----------+-------------------------------------------
     0 | D:1      | tyvek the Halfling Hunter began the quest for the Orb.
     0 | D:1      | Reached XP level 1. HP: 14/14 MP: 1/1
   113 | D:1      | Reached XP level 2. HP: 19/19 MP: 2/2
   165 | D:1      | Reached skill level 6 in Slings
   174 | D:1      | Reached skill level 2 in Fighting
   616 | D:1      | Found a glowing golden altar of the Shining One.
   686 | D:1      | Reached XP level 3. HP: 22/24 MP: 3/3
   810 | D:1      | Reached skill level 2 in Stealth
  1559 | D:2      | Reached XP level 4. HP: 23/29 MP: 4/4
  1599 | D:2      | Noticed Jessica
  1613 | D:2      | Killed Jessica
  1613 | D:2      | Reached skill level 3 in Dodging
  1847 | D:2      | Reached XP level 5. HP: 28/35 MP: 5/5
  1900 | D:2      | You fall through a shaft for 2 floors!
  1900 | D:4      | Noticed an ogre
  1911 | D:4      | Killed an ogre
  1911 | D:4      | Reached skill level 7 in Slings
  1911 | D:4      | Reached skill level 3 in Stealth
  1911 | D:4      | Reached XP level 6. HP: 41/41 MP: 6/6
  1932 | D:4      | Reached skill level 3 in Fighting
  1999 | D:4      | Found a white marble altar of Elyvilon.
  2070 | D:4      | You fall through a shaft for 2 floors!
  2161 | D:6      | Reached skill level 4 in Dodging
  2214 | D:6      | Noticed Grinder
  2232 | D:6      | Paralysed by Grinder for 2 turns
  2243 | D:6      | Paralysed by Grinder for 7 turns
  2253 | D:6      | Killed Grinder
  2253 | D:6      | Reached skill level 4 in Stealth
  2253 | D:6      | Reached XP level 7. HP: 23/47 MP: 7/7
  2401 | D:6      | Found a staircase to the Ecumenical Temple.
  2448 | D:6      | Reached skill level 8 in Slings
  2460 | Temple   | Entered the Ecumenical Temple
  2491 | Temple   | Became a worshipper of Dithmenos the Shadowed
  2714 | D:6      | Reached skill level 4 in Fighting
  2941 | D:6      | Found a shattered altar of Ashenzari.
  3004 | D:6      | Found a basalt altar of Yredelemnul.
  3274 | D:6      | Mangled by an ice beast

Vanquished Creatures
  Grinder (D:6)
  A phantom (D:6)
  An ogre (D:4)
  2 scorpions (D:6)
  A gnoll shaman (D:6)
  Jessica (D:2)
  A bullfrog skeleton (D:4)
  4 gnolls (D:6)
  5 adders
  4 shadow imps (D:6)
  2 worms
  A dart slug (D:1)
  3 leopard geckos
  A ball python (D:1)
  3 giant cockroaches
  5 goblins
  5 hobgoblins
  8 kobolds
  3 bats (D:1)
  4 frilled lizards
  10 rats
  A spectral orc (D:6)
  A plant (D:2)
68 creatures vanquished.
